 Dungeon Crawl Stone Soup version 0.19.4-8-ga85b6b9 (webtiles) character file.

39 volk64 the Stinger (level 3, -1/26 HPs)
             Began as a Draconian Venom Mage on Feb 8, 2017.
             Slain by Crazy Yiuf
             ... wielding a +4 quarterstaff of chaos
              (13 damage)
             ... on level 2 of the Dungeon.
             The game lasted 00:08:15 (1722 turns).

volk64 the Stinger (Draconian Venom Mage)           Turns: 1722, Time: 00:08:15

Health: -1/26      AC:  5    Str: 10    XL:     3   Next: 26%
Magic:  0/6        EV: 12    Int: 16    God:
Gold:   61         SH:  0    Dex: 11    Spells: 2 memorised, 2 levels left

rFire  . . .     SeeInvis .     h - +1 hand axe
rCold  . . .     Gourm    .     (armour unavailable)
rNeg   . . .     Faith    .     (no shield)
rPois  .         Spirit   .     (helmet restricted)
rElec  .         Reflect  .     (no cloak)
rCorr  .         Harm     .     (no gloves)
MR     .....                    (no boots)
Stlth  ++........               (no amulet)
                                (no ring)
                                (no ring)

@: very slightly contaminated
A: unfitting armour, cold-blooded, AC +5
a: no special abilities


You were on level 2 of the Dungeon.
You were hungry.

You visited 1 branch of the dungeon, and saw 2 of its levels.

You collected 61 gold pieces.

Inventory:

Hand Weapons
 e - a +0 dagger
 h - a +1 hand axe (weapon)
Scrolls
 j - a scroll of blinking {unknown}
Potions
 c - a potion of resistance
 d - a potion of curing {unknown}
 i - a potion of might {unknown}
 k - a potion of mutation {unknown}
 l - a potion of ambrosia {unknown}
Books
 a - a Young Poisoner's Handbook

   Spells                             Type                      Level
   a - Sting                          Conjuration/Poison           1
   b - Mephitic Cloud                 Conjuration/Poison/Air       3
   c - Olgreb's Toxic Radiance        Poison                       4
   d - Alistair's Intoxication        Transmutation/Poison         5
   e - Venom Bolt                     Conjuration/Poison           5
Comestibles
 b - 3 bread rations
 f - a slice of pizza


   Skills:
 + Level 0.2 Fighting
 + Level 2.4 Dodging
 + Level 1.8 Stealth
 - Level 0.4 Unarmed Combat
 + Level 2.1 Spellcasting
 * Level 0.6 Conjurations
 + Level 0.2 Air Magic
 + Level 4.4 Poison Magic


You had 2 spell levels left.
You knew the following spells:

 Your Spells              Type           Power        Failure   Level  Hunger
a - Sting                 Conj/Pois      #...         10%         1    #......
b - Mephitic Cloud        Conj/Pois/Air  #.......     34%         3    ###....


Dungeon Overview and Level Annotations

Branches:
Dungeon (2/15)

Altars:

Annotations:
D:2 Crazy Yiuf


Innate Abilities, Weirdness & Mutations

Your plain brown scales are hard. (AC +5)
You cannot fit into any form of body armour.
You are cold-blooded and may be slowed by cold attacks.


Message History

You miscast Mephitic Cloud.
You are very lightly contaminated with residual magic.
Ouch! You feel a sudden electric shock.
You can't go up here!
Unknown command.
You can't go up here!
Casting: Mephitic Cloud
Confirm with . or Enter, or press ? or * to list all spells.
Aiming: Mephitic Cloud
Press: ? - help, Shift-Dir - straight line, p - Crazy Yiuf You miscast Mephitic Cloud.
You smell something strange.
You barely miss Crazy Yiuf.
Crazy Yiuf hits you with a quarterstaff of chaos!
You feel yourself slow down. Crazy Yiuf freezes you.
You hit Crazy Yiuf.
Crazy Yiuf is lightly wounded.
You feel yourself speed up.
Crazy Yiuf hits you with a quarterstaff of chaos!
Ouch! That really hurt!
You die...

.##...##.#.#..#
#...# #.#
.###.###.#.####
##### #.#
#....###.#.#
#.#
#.##.......#
##### #.#
#.######.#.#
#)..# #.# #.#
#.<.# #...# ###
#.# #.# #...#
*...* #.# #.#
#.######...#
*#g#* #.# #.#
#......#)#.#
#@## #<# #.#
######...>.#
##.# #.###.#
#.....# #.##
#.....# ###
#.....# ##.#
#.##### ..#
#.#.#.# ##.##
#.# #.# #.#.#.#
##...# #.# #.#
#.#.#.# #....#
#.# #.# #.#.#.#
#....# #.# #.#
#.#.#.#
#....#####


You could see Crazy Yiuf.

Vanquished Creatures
  A worm (D:2)
  A dart slug (D:2)
  A leopard gecko (D:1)
  10 bats
  2 giant cockroaches (D:1)
  3 goblins
  2 hobgoblins
  2 jackals (D:1)
  3 kobolds
  6 rats
31 creatures vanquished.

Notes
Turn   | Place    | Note
-------+----------+-------------------------------------------
     0 | D:1      | volk64 the Draconian Venom Mage began the quest for the Orb.
     0 | D:1      | Reached XP level 1. HP: 14/14 MP: 3/3
   197 | D:1      | Reached XP level 2. HP: 19/20 MP: 5/5
  1064 | D:2      | Found a runed door.
  1125 | D:2      | Reached XP level 3. HP: 26/26 MP: 0/6
  1130 | D:2      | Learned a level 3 spell: Mephitic Cloud
  1718 | D:2      | Noticed Crazy Yiuf
  1722 | D:2      | Slain by Crazy Yiuf

Skill      XL: |  1 |
---------------+----+-----
Dodging        | 2 |  2.4
Fighting       | |  0.2
Stealth        | |  1.8
Unarmed Combat | |  0.4
Spellcasting   | |  2.1
Conjurations   | |  0.6
Air Magic      | |  0.2
Poison Magic   | |  4.4

Action                   || total
-------------------------++-------
Melee: Unarmed           ||    13
       Hand axe          ||    45
       Tailslap          ||     5
 Cast: Sting             ||    38
       Mephitic Cloud    ||     1
  Use: Scroll            ||     6
       Potion            ||     2
  Eat: Chunk             ||     3
Armor: Skin              ||    34
Dodge: Dodged            ||    54
